 Dungeon Crawl Stone Soup version 0.17-a0-372-gcac7fed (webtiles) character file.

1 MackTheKnife the Sneak (level 1, -1/14 HPs)
             Began as an Octopode Assassin on Apr 2, 2015.
             Slain by a kobold
             ... wielding a +0 short sword
              (4 damage)
             ... on level 1 of the Dungeon.
             The game lasted 00:00:18 (66 turns).

MackTheKnife the Sneak (Octopode Assassin)            Turns: 66, Time: 00:00:18

Health: -1/14      AC:  1    Str: 10    XL:     1   Next: 20%
Magic:  1/1        EV: 11    Int: 13    God:
Gold:   0          SH:  0    Dex: 13    Spells: 0 memorised, 0 levels left

rFire  . . .     SeeInvis .     b - +0 blowgun
rCold  . . .     Clarity  .     (no shield)
rNeg   . . .     SustAb   .     (helmet restricted)
rPois  .         Gourm    .     (no amulet)
rElec  .         Spirit   .     (no ring)
rCorr  .         Warding  .     (no ring)
rMut   .         Stasis   .     (no ring)
MR     .....                    (no ring)
Stlth  ++++......               (no ring)
                                (no ring)
                                (no ring)
                                (no ring)

@: not resistant to hostile enchantments, stealthy
A: almost no armour, amphibious, 8 rings, constrict 8, camouflage 1, gelatinous
body 1
a: no special abilities


You were on level 1 of the Dungeon.
You were not hungry.

You visited 1 branch of the dungeon, and saw 1 of its levels.

Inventory:

Hand weapons
 a - a +2 dagger
 b - a +0 blowgun (weapon)
Missiles
 e - 8 poisoned needles (quivered)
 f - 2 curare-tipped needles
Comestibles
 g - a bread ration {@e1}


   Skills:
 - Level 2.0 Fighting
 - Level 2.0 Short Blades
 - Level 2.0 Throwing
 - Level 1.0 Dodging
 + Level 5.4 Stealth


You couldn't memorise any spells.
You didn't know any spells.

Dungeon Overview and Level Annotations

Branches:
Dungeon (1/15)

Altars:


Innate Abilities, Weirdness & Mutations

You cannot wear most types of armour.
You are amphibious.
You can wear up to eight rings at the same time.
You can use your tentacles to constrict eight enemies at once.
Your skin changes colour to match your surroundings (Stealth).
Your rubbery body absorbs attacks (AC +1).


Message History

Welcome, MackTheKnife the Octopode Assassin.
It is said that the Orb of Zot exists deep within this dungeon, but nobody has ever found it.
Found a staircase leading out of the dungeon.
There is a dry fountain here.
A rat comes into view.
A rat is nearby!
The helpless rat fails to defend itself.
You impale the rat!!
You kill the rat!
No target in view!
Found a stone staircase leading down.
A giant newt comes into view.
A giant newt is nearby!
A kobold comes into view. It is wielding a short sword.
The helpless giant newt fails to defend itself.
You impale the giant newt!!
You kill the giant newt!
The kobold shouts!
You hear a shout!
The kobold throws a stone.
The stone misses you.
A rat comes into view.
The kobold throws a stone.
The stone hits you but does no damage.
A hobgoblin comes into view. It is wielding a club.
You see here a stone.
The kobold hits you with a short sword.
The hobgoblin moves out of view.
You take 4 damage, and have 10/14 hp.
MASSIVE DAMAGE!!
You see here a stone.
You see here a stone.
You closely miss the kobold. Your grab misses the kobold.
The kobold hits you with a short sword!
Ouch! That really hurt!
* * * LOW HITPOINT WARNING * * *
You take 7 damage, and have 3/14 hp.
MASSIVE DAMAGE!!
Wield which item (- for none, * to show all)? (? for menu, Esc to quit)
b - a +0 blowgun (weapon)
The kobold hits you with a short sword.
You die...
P

PP.# ..♣♣♣PP.. ..# ..PPP.P..#
#..## #....P...# #...#
#.......# ...#
..##....#.#####..#
.................#
.........(#####..#######.
#############gK@..............
.............#####.....####.#.#
......⌠..........###...........
...............⌠...##...###.###
.⌠.........⌠........##......###
...............(.....#..>......
......<..........⌠...#.#.######
.....................#.#.#
.⌠.........⌠........##.#.#


You could see a hobgoblin and a kobold.

Vanquished Creatures
  A giant newt (D:1)
  A rat (D:1)
2 creatures vanquished.

Notes
Turn   | Place    | Note
--------------------------------------------------------------
     0 | D:1      | MackTheKnife, the Octopode Assassin, began the quest for the Orb.
     0 | D:1      | Reached XP level 1. HP: 14/14 MP: 1/1
    65 | D:1      | HP: 3/14 [kobold/short sword (7)]
    66 | D:1      | Slain by a kobold

Action                   || total
-------------------------++-------
Melee: Dagger            ||     3
 Stab: Sleeping          ||     2

Vault maps used:
D:1:      dpeg_arrival_water_temple_mockup, serial_forest,
          infiniplex_forest_clump_double, infiniplex_forest_clump_long,
          infiniplex_forest_end_2, infiniplex_forest_clump_tiny,
          interstate_on_off

Table legend:
 A = Turns spent in this place as a percentage of turns spent in the entire game.
 B = Non-inter-level travel turns spent in this place as a percentage of non-inter-level travel turns spent in the entire game.
 C = Inter-level travel turns spent in this place as a percentage of turns spent in this place.
 D = Turns resting spent in this place as a percentage of non-inter-level travel turns spent in this place.
 E = Turns spent auto-exploring this place as a percentage of non-inter-level travel turns spent in this place.
 F = Non-inter-level travel turns spent in this place divided by the number of levels of this place that you've seen.
                   A       B       C       D       E      F
               +-------+-------+-------+-------+-------+----------------------
         Total | 100.0 | 100.0 |   0.0 |   0.0 |  12.0 |  25.0
       Dungeon | 100.0 | 100.0 |   0.0 |   0.0 |  12.0 |  25.0
               +-------+-------+-------+-------+-------+----------------------

Table legend:
 A = Kills in this place as a percentage of kills in entire the game.
 B = Kills by you in this place as a percentage of kills by you in the entire game.
 C = Kills by friends in this place as a percentage of kills by friends in the entire game.
 D = Other kills in this place as a percentage of other kills in the entire game.
 E = Experience gained in this place as a percentage of experience gained in the entire game.
 F = Experience gained in this place divided by the number of levels of this place that you have seen.
                   A       B       C       D       E      F
               +-------+-------+-------+-------+-------+----------------------
         Total | 100.0 | 100.0 |  -nan |  -nan | 100.0 |   2.0
       Dungeon | 100.0 | 100.0 |  -nan |  -nan | 100.0 |   2.0
               +-------+-------+-------+-------+-------+----------------------
